AoeStats
← JIJINz

Fortress

509880556Analyzed
4v4 RM · 5d ago on Sep 28, 2026· 41m 4s· 8 players
Game mode
Random Map
Map size
Huge
Population
200
Speed
Normal
Resources
Standard
Victory
Conquest
Starting age
Dark Age
Ending age
Imperial Age
RankedLock teamsTeams togetherTeam positionsShared explorationLock speedFull tech treeHidden civsTurbo modeCheats
Victory
Defeat
🇹🇼 Mongols · Taiwan
1676
+11
🇹🇼 Britons · Taiwan
1609
+13
1605
+13
🇹🇼 Italians · Taiwan
1600
+14
🇩🇿 Italians · Algeria
1640
-16
🇯🇵 Byzantines · Japan
1552
-13
🇩🇿 Saracens · Algeria
1523
-12
🇩🇪 Varangians · Germany
1490
-10
JIJINz
7:25 Feudal Age
11:07 Castle Age
9:20 Double-Bit Axe
9:41 Horse Collar
12:44 Bow Saw
13:02 Heavy Plow
14:38 Loom
19:06 Wheelbarrow
25:22 Imperial Age
23:29 Forging
23:24 Stone Mining
23:24 Gold Mining
23:53 Hand Cart
24:42 Stone Shaft Mining
25:37 Iron Casting
25:07 Scale Barding Armor
25:04 Husbandry
25:15 Treadmill Crane
26:32 Fletching
26:42 Padded Archer Armor
27:06 Conscription
26:42 Crossbowman
27:27 Thumb Ring
27:58 Bodkin Arrow
28:26 Ballistics
29:06 Chemistry
27:28 Elite Skirmisher
28:16 Caravan
28:46 Coinage
28:27 Guilds
28:47 Leather Archer Armor
29:14 Bracer
31:06 Ring Archer Armor
33:33 Two-Man Saw
33:09 Crop Rotation
32:53 Elite Cataphract
33:44 Logistica
32:59 Capped Ram
35:07 Hoardings
34:46 Fortified Wall
35:59 Arbalester
39:43 Light Cavalry
39:46 Siege Ram
󠀡󠀡
6:36 Feudal Age
10:25 Castle Age
8:36 Double-Bit Axe
8:44 Horse Collar
12:26 Wheelbarrow
12:37 Bow Saw
18:24 Gold Mining
20:00 Town Watch
22:55 Imperial Age
20:41 Loom
21:14 Fletching
21:24 Padded Archer Armor
21:35 Elite Skirmisher
22:58 Bodkin Arrow
23:29 Leather Archer Armor
23:50 Hand Cart
24:44 Bracer
26:07 Thumb Ring
27:26 Ring Archer Armor
27:08 Stone Mining
28:28 Chemistry
27:39 Masonry
27:10 Treadmill Crane
28:10 Scale Mail Armor
28:35 Forging
30:24 Conscription
30:17 Guard Tower
32:52 Scale Barding Armor
33:38 Ballistics
34:41 Keep
33:52 Arrowslits
36:47 Chain Barding Armor
37:02 Iron Casting
38:21 Hoardings
38:53 Architecture
39:40 Chain Mail Armor
39:53 Squires
39:13 Man-at-Arms
41:03 Blast Furnace
41:20 Plate Mail Armor
40:11 Long Swordsman
40:46 Two-Handed Swordsman
41:43 Fortified Wall
Jozzif
7:33 Feudal Age
11:08 Castle Age
8:50 Horse Collar
9:12 Double-Bit Axe
12:07 Bow Saw
18:59 Fervor
19:57 Wheelbarrow
20:15 Heavy Plow
20:06 Gold Mining
21:19 Hand Cart
20:50 Loom
25:18 Imperial Age
22:56 Scale Barding Armor
23:06 Husbandry
23:39 Forging
23:54 Bloodlines
24:45 Chain Barding Armor
25:00 Iron Casting
25:14 Fletching
26:04 Caravan
26:36 Coinage
27:01 Plate Barding Armor
26:49 Conscription
26:05 Elite Mameluke
28:31 Chemistry
28:38 Two-Man Saw
27:31 Stone Mining
29:36 Siege Engineers
29:15 Onager
31:11 Banking
31:07 Siege Onager
32:14 Counterweights
34:28 Bodkin Arrow
35:49 Hoardings
34:58 Capped Ram
37:09 Siege Ram
39:16 Blast Furnace
38:16 Bracer
TruffleThor
7:20 Feudal Age
10:58 Castle Age
9:23 Double-Bit Axe
9:59 Horse Collar
12:53 Bow Saw
17:26 Wheelbarrow
17:27 Loom
24:41 Imperial Age
22:42 Scale Mail Armor
22:44 Gold Mining
23:13 Hand Cart
23:48 Chain Mail Armor
23:46 Arson
23:49 Gambesons
24:05 Squires
24:40 Forging
24:34 Heavy Plow
24:43 Gothikon
26:03 Crop Rotation
26:51 Fortified Wall
28:03 Conscription
28:15 Plate Mail Armor
29:10 Iron Casting
28:39 Elite Varangian Guard
29:25 Fletching
30:37 Bodkin Arrow
32:37 Heavy Scorpion
33:54 Pikeman
35:35 Blast Furnace
34:37 Halberdier
35:57 Scale Barding Armor
36:10 Siege Engineers
36:58 Cavalier
37:48 Bloodlines
37:39 Husbandry
37:01 Vendel Legacy
39:43 Chain Barding Armor
39:25 Light Cavalry
39:45 Light Cavalry
Old_two
6:44 Feudal Age
10:19 Castle Age
8:33 Double-Bit Axe
9:17 Horse Collar
12:55 Bow Saw
18:12 Wheelbarrow
18:27 Gold Mining
23:14 Imperial Age
22:12 Silk Road
21:56 Stone Mining
23:19 Loom
23:33 Fletching
23:44 Padded Archer Armor
25:18 Chemistry
24:47 Hand Cart
24:37 Caravan
25:56 Conscription
25:56 Leather Archer Armor
26:22 Pirotechnia
26:52 Ballistics
27:07 Bombard Tower
28:09 Fortified Wall
28:09 Masonry
28:11 Bodkin Arrow
29:08 Coinage
29:18 Heavy Plow
30:19 Two-Man Saw
30:34 Stone Shaft Mining
31:50 Banking
31:43 Thumb Ring
32:10 Ring Archer Armor
31:40 Bracer
35:12 Scale Barding Armor
35:17 Forging
34:33 Light Cavalry
36:19 Husbandry
36:30 Bloodlines
36:20 Husbandry
36:30 Bloodlines
37:17 Guilds
37:01 Hussar
39:06 Elite Genoese Crossbowman
40:50 Ballistics
再吵去東湖框你媽出場
8:02 Feudal Age
11:54 Castle Age
10:05 Double-Bit Axe
10:12 Horse Collar
13:08 Bow Saw
13:01 Heavy Plow
17:27 Loom
18:26 Wheelbarrow
19:19 Hand Cart
19:44 Gold Mining
19:49 Stone Mining
25:18 Imperial Age
23:45 Stone Shaft Mining
22:57 Town Watch
23:04 Fletching
23:14 Padded Archer Armor
23:20 Treadmill Crane
23:54 Crossbowman
24:39 Thumb Ring
24:41 Bodkin Arrow
25:02 Leather Archer Armor
26:09 Ballistics
26:08 Elite Rattan Archer
27:27 Bracer
27:57 Ring Archer Armor
28:58 Chemistry
29:21 Paper Money
30:24 Two-Man Saw
30:37 Caravan
31:07 Coinage
30:48 Guilds
32:45 Hoardings
32:29 Capped Ram
33:24 Elite Skirmisher
36:20 Imperial Skirmisher
38:48 Crossbowman
40:19 Scale Barding Armor
40:24 Forging
Tensorflow
7:32 Feudal Age
11:45 Castle Age
9:41 Double-Bit Axe
13:09 Bow Saw
12:56 Horse Collar
14:15 Heavy Plow
19:29 Wheelbarrow
18:40 Loom
20:48 Gold Mining
20:48 Stone Mining
22:00 Hand Cart
22:05 Town Watch
25:58 Imperial Age
23:29 Fletching
24:23 Elite Skirmisher
25:25 Bodkin Arrow
25:30 Padded Archer Armor
26:16 Ballistics
27:20 Conscription
27:20 Bracer
27:02 Imperial Skirmisher
29:34 Gold Shaft Mining
29:54 Leather Archer Armor
30:44 Chemistry
31:05 Yeomen
32:17 Ring Archer Armor
32:40 Elite Longbowman
34:17 Warwolf
34:36 Guilds
34:27 Caravan
36:52 Siege Engineers
38:01 Masonry
37:31 Treadmill Crane
37:26 Pikeman
38:06 Squires
37:52 Arson
38:18 Forging
38:08 Scale Mail Armor
BøM_antihack.exe
6:58 Feudal Age
8:00 Double-Bit Axe
10:49 Castle Age
8:42 Horse Collar
12:21 Bow Saw
18:13 Wheelbarrow
19:15 Loom
20:15 Gold Mining
20:25 Stone Mining
20:38 Heavy Plow
21:41 Gold Shaft Mining
21:25 Hand Cart
21:14 Town Watch
22:41 Fletching
25:35 Imperial Age
23:06 Crossbowman
23:54 Thumb Ring
24:14 Fletching
24:26 Padded Archer Armor
25:20 Gold Shaft Mining
25:32 Ballistics
25:22 Bodkin Arrow
26:30 Leather Archer Armor
26:27 Bloodlines
26:17 Husbandry
26:39 Conscription
26:51 Parthian Tactics
27:28 Town Patrol
27:58 Bracer
29:00 Chemistry
29:10 Elite Mangudai
30:01 Onager
32:00 Drill
32:26 Siege Engineers
32:37 Caravan
32:48 Siege Onager
38:01 Coinage
37:59 Capped Ram
39:40 Siege Ram
Connection lost

Rejoining the realm…

Still unreachable

The connection could not be restored.

Session expired

The server has moved on; the page needs a fresh start.